Map: Kairos Junction LE

Players

Fabrice

  • Race: Zerg Zerg
  • League: Silver
  • Spawn Location: 5:00

Vilder - Winner!

  • Race: Zerg Zerg
  • League: Silver
  • Spawn Location: 11:00

VOD

Have the link to the VOD?

Description

Game for build order try

Time

  • Played on: July 13, 2019, 1:23 p.m.
  • Length: 4:33
Show
View Real Time Build Order
Export as new Build Order

Fabrice Zerg 

Build Orders: Hatch First 

Get SALT Encoding   

  12  0:02  Drone  
  13  0:15  Overlord  
  13  0:20  Drone  
  14  0:35  Drone x2  
  15  0:42  Drone  
  17  0:55  Hatchery  
  16  1:01  Drone x2  
  18  1:23  Drone x2  
  20  1:31  Spawning Pool  
  20  1:32  Drone  
  20  1:42  Extractor  
  20  1:44  Drone  
  20  1:53  Overlord  
  20  2:03  Drone  
  21  2:11  Drone  
  22  2:17  Drone  
  22  2:19  Queen  
  22  2:22  Queen  
  27  2:28  Zergling x4  
  29  2:31  Zergling x2  
  30  2:40  Drone x2  
  32  2:46  Drone  
  33  2:52  Drone  
  34  3:04  Drone x2  
  36  3:13  Overlord x2  
  36  3:22  Overlord  
  36  3:31  Overlord x2  
  36  3:45  Drone x3  
  39  3:53  Queen  
  39  3:55  Drone x4  
  45  3:57  Extractor  
  45  4:00  Drone x4  
  45  4:01  Extractor  
  47  4:08  Roach Warren  
  46  4:11  Evolution Chamber  
Show
View Real Time Build Order
Export as new Build Order

Vilder Zerg - Winner!

Build Orders: Hatch First 

Get SALT Encoding   

  12  0:01  Drone  
  13  0:13  Overlord  
  13  0:18  Drone  
  14  0:32  Drone x2  
  16  0:36  Drone  
  17  0:54  Hatchery  
  17  0:57  Drone  
  17  1:00  Drone  
  18  1:13  Spawning Pool  
  18  1:15  Extractor  
  18  1:17  Drone  
  17  1:21  Drone  
  18  1:29  Drone  
  19  1:40  Drone  
  20  2:01  Roach Warren  
  20  2:02  Drone x2  
  20  2:08  Zergling x2  
  22  2:17  Queen x2  
  22  2:21  Zergling x4  
  28  2:37  Overlord x2  
  27  3:03  Roach x3  
  27  3:04  Roach  
  27  3:05  Drone x2  
  37  3:17  Lair  
  37  3:20  Hatchery  
  37  3:21  Roach  
  38  3:30  Extractor  
  37  3:43  Roach x2  
  37  3:44  Roach  
Tags
 
Add a new tag
Caveats
  • Supply blocks, unpowered buildings, or Contaminate may cause inaccurate times.
  • Supply counts are checked every 10 seconds.